 Dungeon Crawl Stone Soup version 0.17-a0-1939-ga475588 (webtiles) character file.

137 AvaKnavely the Chopper (level 5, -2/45 HPs)
             Began as a Draconian Abyssal Knight on Sept 29, 2015.
             Was a Believer of Lugonu.
             Slain by an orc wizard
             ... wielding a +0 dagger
              (3 damage)
             ... on level 3 of the Dungeon.
             The game lasted 00:06:24 (2801 turns).

AvaKnavely the Chopper (Draconian Abyssal Knight)   Turns: 2801, Time: 00:06:24

Health: -2/45      AC:  5    Str: 20    XL:     5   Next: 0%
Magic:  6/6        EV: 12    Int: 13    God:    Lugonu [**....]
Gold:   134        SH:  0    Dex: 10    Spells: 0 memorised, 4 levels left

rFire  . . .     SeeInvis .     n - -3 war axe (curse)
rCold  . . .     Clarity  .     (armour unavailable)
rNeg   . . .     SustAt   .     (no shield)
rPois  .         Gourm    .     (helmet restricted)
rElec  .         Spirit   .     (no cloak)
rCorr  .         Warding  .     (no gloves)
rMut   .         Stasis   .     (no boots)
MR     .....                    (no amulet)
Stlth  +.........               (no ring)
                                (no ring)

@: mighty, not resistant to hostile enchantments, very unstealthy
A: unfitting armour, cold-blooded, AC +5
a: Depart the Abyss, Bend Space, Renounce Religion


You were on level 3 of the Dungeon.
You worshipped Lugonu.
Lugonu was pleased with you.
You were hungry.

You visited 1 branch of the dungeon, and saw 3 of its levels.
You visited the Abyss 1 time.

You collected 134 gold pieces.

Inventory:

Hand weapons
 a - a +1 hand axe
 c - a +0 scythe
 n - a cursed -3 war axe (weapon)
Scrolls
 h - a scroll of immolation
 i - 2 scrolls of magic mapping
 l - a scroll of fog {unknown}
Potions
 f - a potion of cancellation
 j - a potion of curing {unknown}
 k - a potion of lignification {unknown}
Comestibles
 b - a bread ration
 g - 2 fruits


   Skills:
 - Level 3.2 Fighting
 + Level 5.2 Axes
 - Level 2.1 Dodging
 - Level 2.0 Invocations


You had 4 spell levels left.
You didn't know any spells.

Dungeon Overview and Level Annotations

Branches:
Dungeon (3/15)

Altars:
Fedhas
Sif Muna
The Shining One


Innate Abilities, Weirdness & Mutations

Your plain brown scales are hard (AC +5).
Your body does not fit into most forms of armour.
You are cold-blooded and may be slowed by cold attacks.


Message History

The orc wizard hits you but does no damage.
It was a potion of cancellation.
Your magical effects are unravelling.
You feel magically purged.
You feel yourself speed up. The orc wizard barely misses you.
The orc wizard closely misses you.
You hit the orc wizard but do no damage.
The orc wizard misses you. The orc wizard closely misses you.
You barely miss the orc wizard. The orc wizard hits you with a dagger.
* * * LOW HITPOINT WARNING * * *
The orc wizard points at you and mumbles some strange words.
The magic dart hits you!
* * * LOW HITPOINT WARNING * * *
It was a potion of cure mutation.
It has a very clean taste.
The orc wizard hits you with a dagger.
* * * LOW HITPOINT WARNING * * *
It was a potion of might.
You feel very mighty all of a sudden. The orc wizard hits you with a dagger.
You die...

..... ....# ...#
..# # ## #.#
#P#.###.##
.........#♣ #######
.........). #oo@..#
#.#P#..##♣ #.###.#
#..# ♣ #.# #.###
##..# ♣ #.# #.#.#
####...# #o# #.#.#
#......#
#.###.#.###......#
#.#..............#
#....##......##..##
##...
##....###....#


You could see an orc wizard and an orc.

Vanquished Creatures
  3 adders
  A gnoll (D:1)
  2 oozes
  An adder zombie (D:1)
  A worm (D:3)
  2 giant geckos
  5 orcs (D:3)
  2 giant cockroaches
  8 goblins
  12 hobgoblins
  6 kobolds
  4 ball pythons
  16 bats
  A giant gecko zombie (D:1)
  3 giant newts
  3 jackals (D:1)
  5 rats
75 creatures vanquished.

Notes
Turn   | Place    | Note
--------------------------------------------------------------
     0 | Abyss:1  | AvaKnavely the Draconian Abyssal Knight began the quest for the Orb.
     0 | Abyss:1  | Reached XP level 1. HP: 19/19 MP: 2/2
    39 | Abyss:1  | Noticed a chaos spawn
    40 | D:1      | Escaped the Abyss
   147 | D:1      | Reached XP level 2. HP: 13/26 MP: 3/3
   423 | D:1      | Acquired Lugonu's first power
   719 | D:1      | Reached XP level 3. HP: 27/31 MP: 4/4
  1037 | D:1      | Reached skill level 4 in Axes
  1552 | D:2      | Reached XP level 4. HP: 28/38 MP: 5/5
  1729 | D:2      | Acquired Lugonu's second power
  1743 | D:2      | Found a blossoming altar of Fedhas.
  2328 | D:3      | Found a glowing golden altar of the Shining One.
  2328 | D:3      | Found a deep blue altar of Sif Muna.
  2473 | D:3      | Reached skill level 5 in Axes
  2746 | D:3      | Reached XP level 5. HP: 29/45 MP: 6/6
  2799 | D:3      | HP: 2/45 [orc wizard/magic dart (5)]
  2801 | D:3      | Slain by an orc wizard

Vault maps used:
D:1:      saegor_arrival_fortress
D:2:      nicolae_overflow_hidden_temple
D:3:      forest_paths, gammafunk_temple_overflow_statue, hangedman_glass_teeth,
          minivault_19, minmay_shallow_snake_nest

Action                   |  1- 3 |  4- 6 || total
-------------------------+-------+-------++-------
Melee: Hand axe          |   153 |    59 ||   212
       War axe           |       |   105 ||   105
Invok: Depart the Abyss  |     1 |       ||     1
  Use: Scroll            |       |     5 ||     5
       Potion            |       |     3 ||     3
 Stab: Sleeping          |     2 |       ||     2
  Eat: Chunk             |     2 |     4 ||     6
